AoeStats
← Ken

Black Forest

507496559Analyzed
4v4 RM · 14d ago on Sep 18, 2026· 7m 13s· 8 players
Game mode
Random Map
Map size
Large (8 player)
Population
200
Speed
Normal
Resources
Standard
Victory
Conquest
Starting age
Dark Age
Ending age
Imperial Age
RankedLock teamsTeams togetherTeam positionsShared explorationLock speedFull tech treeHidden civsTurbo modeCheats
Victory
Defeat
🇮🇳 Poles · India
1087
+15
🇨🇳 Burgundians · China
1084
+15
🇻🇳 Aztecs · Vietnam
1076
+16
🇭🇰 Mongols · Hong Kong SAR China
1058
+16
🇻🇳 Koreans · Vietnam
1134
-17
🇯🇵 Georgians · Japan
1055
-15
🇨🇳 Bohemians · China
1047
-15
🇨🇳 Franks · China
1046
-15
kw3dsky
0:28 Loom
自古多情空餘恨
1:07 Loom
RiGhT
乔奢费
3:03 Loom
3:44 Double-Bit Axe
Ken
0:47 Loom
1:27 Loom
S O L
1:45 Loom
168kcal
趣味鸡动哥
1:48 Loom
Connection lost

Rejoining the realm…

Still unreachable

The connection could not be restored.

Session expired

The server has moved on; the page needs a fresh start.